 Dungeon Crawl Stone Soup version bcrawl-1.41.1 (webtiles) character file.

Game seed: 9126954072068756004

131639 Mehrunes the Magician (level 7, -14/52 HPs)
             Began as a Mummy Wizard on Apr 15, 2024.
             Was an Initiate of Vehumet.
             Demolished by a black bear (19 damage)
             ... on level 4 of the Dungeon.
             The game lasted 00:19:25 (6241 turns).

Mehrunes the Magician (Mummy Wizard)                Turns: 6241, Time: 00:19:25

Health: -14/52     AC:  4    Str: 11    XL:     7   Next: 10%
Magic:  1/16       EV: 12    Int: 19    God:    Vehumet [......]
Gold:   318        SH:  0    Dex: 10    Spells: 8/17 levels left

rFire    . . .     GDR:     22% d - +0 dagger
rCold    + + .     SeeInvis .   (no shield)
rNeg     + + +     Gourm    .   b - +0 robe
rPois    ∞         Faith    +   k - +0 helmet
rElec    .         Spirit   .   l - scarf {rC+ rF+}
rCorr    .         Reflect  .   (no gloves)
MR       .....     Clarity  +   j - +0 pair of boots
Stlth    ++........             r - amulet of faith
HPRegen  0.18/turn              (no ring)
MPRegen  0.15/turn              (no ring)

@: no status effects
A: no food or potions, fire vulnerability, clarity, cold resistance 1, negative
energy resistance 3, torment resistance, unbreathing, strong hexes 1
a: Renounce Religion


You were on level 4 of the Dungeon.
You worshipped Vehumet.
Vehumet was noncommittal.
You were not hungry.

You visited 2 branches of the dungeon, and saw 5 of its levels.

You collected 318 gold pieces.

Inventory:

Hand Weapons
 a - a +0 staff
 d - a +0 dagger (weapon)
 s - a +0 club
Missiles
 n - 56 poisoned tomahawks (quivered)
Armour
 b - a +0 robe (worn)
 j - a +0 pair of boots (worn)
 k - a +0 helmet (worn)
 l - a scarf of resistance (worn)
 q - a +0 troll leather armour
Jewellery
 r - an amulet of faith (around neck)
Scrolls
 c - a scroll of noise {unknown}
 e - 4 scrolls of teleportation
 f - a scroll of enchant armour {unknown}
 g - 3 scrolls of amnesia {unknown}
 h - 2 scrolls of remove curse {unknown}
 i - 2 scrolls of identify
 m - a scroll of fear {unknown}
 o - a scroll of enchant weapon {unknown}
 p - a scroll of revelation {unknown}
 t - a scroll of immolation {unknown}


   Skills:
 + Level 3.1 Fighting
 - Level 1.6 Short Blades
 - Level 1.5 Dodging
 - Level 2.3 Stealth
 + Level 5.6 Spellcasting
 * Level 4.1 Conjurations
   Level 0.7 Summonings
 - Level 0.7 Translocations
 - Level 0.5 Air Magic
 - Level 1.0 Poison Magic


You had 8 spell levels left.
You knew the following spells:

 Your Spells              Type           Power        Failure   Level  Hunger
a - Magic Dart            Conj           ###.         2%          1    N/A
b - Conjure Flame         Conj/Fire      ##......     16%         3    N/A
c - Mephitic Cloud        Conj/Pois/Air  ##......     16%         3    N/A
d - Blink                 Tloc           N/A          13%         2    N/A

Your spell library contained the following spells:

 Spells                   Type           Power        Failure   Level  Hunger
 Call Imp                 Summ           #.....       13%         2    N/A
 Corpse Rot               Necr           N/A          19%         2    N/A
 Agony                    Necr           #.......     75%         4    N/A
 Bolt of Draining         Conj/Necr      ##........   80%         5    N/A
 Borgnjor's Vile Clutch   Necr/Erth      #.........   100%        6    N/A
 Sublimation of Blood     Necr           Unusable     N/A         2    N/A
 Spider Form              Tmut/Pois      Unusable     N/A         3    N/A

Dungeon Overview and Level Annotations

Branches:
Dungeon (4/12)             Temple (1/1) D:4

Altars:
Ashenzari
Hepliaklqana
Qazlal
Vehumet
Wu Jian
Xom

Annotations:
D:3 3 runed translucent doors, exclusion: 3 doors, tronn's ghost, weakling FrAc
D:4 Grinder


Innate Abilities, Weirdness & Mutations

You do not eat or drink.
Your flesh is vulnerable to fire.
You are immune to poison.
You possess an exceptional clarity of mind.
Your flesh is cold resistant. (rC+)
You are immune to negative energy. (rN+++)
You are immune to unholy pain and torment.
You can survive without breathing.
Your hexes are more powerful.


Message History

The black bear bites you!
* * * LOW HITPOINT WARNING * * *
The black bear barely misses you. x2
The black bear closely misses you. x2; The black bear claws you.
* * * LOW HITPOINT WARNING * * *
The black bear bites you.
* * * LOW HITPOINT WARNING * * *
The black bear closely misses you.
The black bear claws you but does no damage.
You see here a ration {!d}.
Okay, then.
Casting: Mephitic Cloud (safe; 16% risk of failure)
Confirm with . or Enter, or press ? or * to list all spells.
Aiming: Magic Dart (safe; 2% risk of failure)
Press: ? - help, Shift-Dir - straight line, f/p - black bear
Aim: a black bear (almost dead, berserk, fast, unusually strong)
The magic dart hits the black bear.
The black bear is almost dead.
The black bear bites you!!
You die...

######### ###
#..h....##...
#.@#%..##...#
#..##.##...#
#...###...#
##.......#
##.....##
##.#### #.#
#.# ### # #[#
#<### #


You could see a black bear (berserk).

Vanquished Creatures
  A sky beast (D:3)
  A howler monkey (D:4)
  3 crimson imps
  2 orc wizards (D:3)
  Terence (D:1)
  A worker ant (D:3)
  Robin (D:2)
  8 gnolls
  An adder (D:2)
  4 worms (D:3)
  3 dart slugs
  7 leopard geckos
  7 orcs
  2 ball pythons
  3 giant cockroaches
  10 hobgoblins
  10 jackals
  6 kobolds
  A quokka (D:2)
  8 bats
  9 frilled lizards
  13 goblins
  8 rats
110 creatures vanquished.

Notes
Turn   | Place    | Note
-------+----------+-------------------------------------------
     0 | D:1      | Mehrunes the Mummy Wizard began the quest for the Orb.
     0 | D:1      | Reached XP level 1. HP: 13/13 MP: 6/6
    92 | D:1      | Reached skill level 1 in Conjurations
   305 | D:1      | Reached XP level 2. HP: 19/20 MP: 0/8
   849 | D:1      | Reached skill level 1 in Fighting
  1139 | D:2      | Reached XP level 3. HP: 11/26 MP: 2/9
  1239 | D:2      | Learned a level 3 spell: Conjure Flame
  1243 | D:2      | Learned a level 3 spell: Mephitic Cloud
  1328 | D:2      | Found a white marble altar of Elyvilon.
  1436 | D:2      | Noticed Robin
  1545 | D:2      | Found a sparkling altar of Nemelex Xobeh.
  1547 | D:2      | Found a snail-covered altar of Cheibriados.
  1547 | D:2      | Found a radiant altar of Vehumet.
  1549 | D:2      | Found a shimmering altar of Xom.
  1549 | D:2      | Found a shattered altar of Ashenzari.
  1549 | D:2      | Found a white marble altar of Elyvilon.
  1737 | D:2      | Killed Robin
  1859 | D:2      | Reached XP level 4. HP: 32/32 MP: 1/11
  1862 | D:2      | Noticed Terence
  2437 | D:1      | Killed Terence
  2438 | D:1      | Reached skill level 1 in Short Blades
  3364 | D:3      | Reached XP level 5. HP: 37/37 MP: 6/12
  3458 | D:2      | Learned a level 2 spell: Blink
  3635 | D:3      | Reached skill level 1 in Poison Magic
  3843 | D:3      | Found a runed translucent gate.
  3843 | D:3      | Found a runed translucent gate.
  3843 | D:3      | Found a runed translucent gate.
  4170 | D:3      | Reached XP level 6. HP: 40/44 MP: 7/14
  4368 | D:3      | Found a hazy altar of Hepliaklqana.
  4549 | D:3      | Noticed tronn's ghost (weakling FrAc)
  4625 | D:3      | Reached skill level 5 in Spellcasting
  5388 | D:4      | Found an ornate altar of the Wu Jian Council.
  5405 | D:4      | Noticed a sky beast
  5508 | D:4      | Noticed Grinder
  5534 | D:4      | Paralysed by Grinder for 2 turns
  5602 | D:4      | Found a staircase to the Ecumenical Temple.
  5607 | Temple   | Entered the Ecumenical Temple
  5654 | Temple   | Became a worshipper of Vehumet
  5787 | D:3      | Killed a sky beast
  5943 | D:3      | Reached XP level 7. HP: 30/52 MP: 10/16
  6241 | D:4      | Demolished by a black bear

Skill      XL: |  1  2  3  4  5  6 |
---------------+-------------------+-----
Conjurations   | 1 2 3 4 |  4.1
Fighting       | 1 2 3 |  3.1
Short Blades   | 1 |  1.6
Poison Magic   | 1 |  1.0
Spellcasting   | 5 |  5.6
Dodging        | |  1.5
Stealth        | |  2.3
Summonings     | |  0.7
Translocations | |  0.7
Air Magic      | |  0.5

Action                   |  1- 3 |  4- 6 |  7- 9 || total
-------------------------+-------+-------+-------++-------
Melee: Staff             |     6 |    16 |       ||    22
       Dagger            |    21 |   120 |     1 ||   142
 Cast: Magic Dart        |   100 |   262 |    23 ||   385
       Mephitic Cloud    |     4 |    13 |     2 ||    19
       Conjure Flame     |       |     4 |     2 ||     6
 Stab: Confused          |       |    14 |       ||    14
Armor: Robe              |    11 |    44 |     3 ||    58
Dodge: Dodged            |    23 |   110 |    10 ||   143
